[Event "Titled Tuesday Blitz August 09 Early 2022"]
[White "Avinash, Ramesh"]
[Black "Kuznetsova, Olga"]
[WhiteFideId "45018340"]
[BlackFideId "4191323"]
[WhiteElo "1901"]
[BlackElo "2134"]
[Result "1-0"]
[Round "05"]
[TimeControl "180+1"]
[Date "2022.08.09"]
[WhiteClock "0:00:59"]
[BlackClock "0:00:09"]

1. c4 Nf6 2. Nc3 e6 3. e3 d5 4. b3 Be7 5. Bb2 O-O 6. Nf3 b6 7. Qc2 Bb7 8. Be2 c5 9. cxd5 exd5 10. d4 cxd4 11. Nxd4 Nbd7 12. O-O Rc8 13. Qd2 Nc5 14. Nf5 Nce4 15. Nxe4 dxe4 16. Qxd8 Bxd8 17. Ba3 Rc2 18. Bd1 Rd2 19. Bxf8 Kxf8 20. Nd4 Nd5 21. Be2 Bf6 22. Rfd1 Rb2 23. Bf1 g6 24. Rac1 Rxa2 25. Nc6 Nc3 26. Rd6 Bh4 27. g3 Be7 28. Nxe7 Kxe7 29. Rd4 Nd5 30. Rxe4+ Kd6 31. Ra4 Rxa4 32. bxa4 a5 33. Bg2 Bc6 34. e4 Nb4 35. e5+ Kd7 36. Bxc6+ Nxc6 37. f4 Nb4 38. Kg2 Nd5 39. Kf3 f5 40. Ke2 Nc7 41. Kd3 Ne6 42. Kc4 Kc6 43. Rd1 Nc5 44. Rd6+ Kc7 45. Kb5 Nd7 46. Rxd7+ Kxd7 47. Kxb6 1-0


[Site "https://www.chess.com"]

[Event "Titled Tuesday Blitz August 09 Early 2022"]
[White "Azarov, Sergei"]
[Black "Yurovskykh, Oleksandr"]
[WhiteFideId "13501470"]
[BlackFideId "14134020"]
[WhiteElo "2494"]
[BlackElo "2292"]
[Result "1-0"]
[Round "05"]
[TimeControl "180+1"]
[Date "2022.08.09"]
[WhiteClock "0:00:41"]
[BlackClock "0:00:01"]

1. e4 d5 2. exd5 Qxd5 3. Nc3 Qd8 4. d4 Nf6 5. Nf3 Bg4 6. g3 e6 7. Bg2 c6 8. h3 Bh5 9. g4 Bg6 10. Ne5 Nbd7 11. Qe2 Qb6 12. h4 Qxd4 13. Nxd7 Nxd7 14. h5 Bxc2 15. Qxc2 Qxg4 16. Qe4 Qxe4+ 17. Nxe4 Nc5 18. Ke2 Nxe4 19. Bxe4 Bc5 20. h6 g6 21. Bg5 Be7 22. f4 f6 23. Bh4 Kf7 24. Bc2 Rad8 25. Bb3 Rd4 26. Bg3 Rhd8 27. Rhe1 f5 28. Kf3 Rd3+ 29. Kg2 Rd2+ 30. Kh3 R8d6 31. Re3 Bf8 32. Rae1 Bxh6 33. Bxe6+ Kf8 34. Bb3 Rd7 35. Re8+ Kg7 36. Rg8+ Kf6 37. Bh4+ g5 38. fxg5+ Bxg5 39. Bxg5# 1-0


[Site "https://www.chess.com"]

[Event "Titled Tuesday Blitz August 09 Early 2022"]
[White "Barp, Alberto"]
[Black "Mohammed, Dilshad"]
[WhiteFideId "872555"]
[BlackFideId "5050421"]
[WhiteElo "2229"]
[BlackElo "2102"]
[Result "0-1"]
[Round "05"]
[TimeControl "180+1"]
[Date "2022.08.09"]
[WhiteClock "0:00:01"]
[BlackClock "0:00:26"]

1. d4 d5 2. Nf3 Nf6 3. c4 e6 4. Nc3 Be7 5. Bg5 O-O 6. e3 Nbd7 7. Qc2 h6 8. Bh4 c6 9. Rd1 a6 10. c5 e5 11. dxe5 Ng4 12. Bg3 Bxc5 13. h3 Nxe3 14. fxe3 Bxe3 15. Bf2 Qb6 16. Bd3 Re8 17. O-O Nxe5 18. Nxe5 Rxe5 19. Bxe3 Qxe3+ 20. Kh2 Be6 21. Rf3 Qb6 22. Qd2 Re8 23. Qf4 f6 24. Rd2 Bf7 25. Rg3 Re1 26. Rf2 Kf8 27. Rxg7 R8e6 28. Rh7 Qe3 29. Bf5 Re5 30. Qxe3 R1xe3 31. Rxh6 d4 32. Ne4 Kg7 33. Rxf6 Bd5 34. Rg6+ Kh7 35. Ng5+ Kh8 36. Bg4 Re8 37. Rd6 d3 38. Bf5 Re2 39. Rf1 Rxg2+ 40. Kh1 Rxg5+ 41. Rxd5 cxd5 42. Bxd3 Rg3 0-1


[Site "https://www.chess.com"]

[Event "Titled Tuesday Blitz August 09 Early 2022"]
[White "Belov, Vladimir"]
[Black "Bortnyk, Olexandr"]
[WhiteFideId "4132394"]
[BlackFideId "14120828"]
[WhiteElo "2501"]
[BlackElo "2723"]
[Result "0-1"]
[Round "05"]
[TimeControl "180+1"]
[Date "2022.08.09"]
[WhiteClock "0:00:40"]
[BlackClock "0:00:17"]

1. d4 d6 2. e4 Nf6 3. Nc3 Nbd7 4. Nf3 e5 5. Bc4 Be7 6. O-O c6 7. a4 h6 8. Re1 Qc7 9. h3 g5 10. a5 Nf8 11. Nh2 Ng6 12. Be3 Nf4 13. b4 h5 14. b5 cxb5 15. Bxb5+ Kf8 16. dxe5 dxe5 17. Nd5 N6xd5 18. exd5 Bf5 19. c4 a6 20. c5 axb5 21. d6 Bxd6 22. cxd6 Qc2 23. Nf3 Qxd1 24. Rexd1 f6 25. d7 Rd8 26. Rd6 Ke7 27. Bc5 Rxd7 28. Rad1 Rxd6 29. Rxd6 Kf7 30. Rb6 Be4 31. Nd2 Bxg2 32. Be3 Bd5 33. Rxb5 Rd8 34. h4 g4 35. Nb3 Bc6 0-1


[Site "https://www.chess.com"]

[Event "Titled Tuesday Blitz August 09 Early 2022"]
[White "Bharath Subramaniyam H"]
[Black "Eynullayev, Altay"]
[WhiteFideId "46634827"]
[BlackFideId "13413562"]
[WhiteElo "2346"]
[BlackElo "2079"]
[Result "1-0"]
[Round "05"]
[TimeControl "180+1"]
[Date "2022.08.09"]
[WhiteClock "0:00:08"]
[BlackClock "0:00:30"]

1. d4 Nf6 2. Nf3 e6 3. Bf4 d5 4. c3 c5 5. e3 Nc6 6. Nbd2 cxd4 7. exd4 Nh5 8. Bg5 f6 9. Ne5 g6 10. Nxc6 bxc6 11. Be3 Bd6 12. g3 O-O 13. Bg2 f5 14. f4 Nf6 15. O-O Ne4 16. c4 Ba6 17. Re1 Rb8 18. c5 Bc7 19. b3 Ba5 20. Qc2 Qf6 21. Red1 Bxd2 22. Rxd2 Nxd2 23. Qxd2 Rf7 24. Bf2 Bc8 25. Bf1 h6 26. Re1 Rg7 27. Kh1 Bd7 28. Ba6 Rf8 29. b4 g5 30. a4 gxf4 31. Qxf4 Rff7 32. b5 Rg4 33. Qb8+ Kh7 34. b6 axb6 35. cxb6 f4 36. Bd3+ Kg7 37. Qe5 Qxe5 38. Rxe5 fxg3 39. Be3 Bc8 40. a5 Rf3 41. a6 Rxe3 42. Rxe3 Rxd4 43. b7 Bxb7 44. axb7 Rb4 45. Ba6 gxh2 46. Rxe6 d4 47. Re8 1-0


[Site "https://www.chess.com"]

[Event "Titled Tuesday Blitz August 09 Early 2022"]
[White "Blanco Ronquillo, Humberto L."]
[Black "Chernomordik, Pavel"]
[WhiteFideId "3504239"]
[BlackFideId "2804530"]
[WhiteElo "2425"]
[BlackElo "2217"]
[Result "1/2-1/2"]
[Round "05"]
[TimeControl "180+1"]
[Date "2022.08.09"]
[WhiteClock "0:00:05"]
[BlackClock "0:00:04"]

1. d4 g6 2. e4 Bg7 3. h3 d6 4. Nf3 b6 5. Bd3 Bb7 6. O-O e6 7. a4 a6 8. Re1 Nd7 9. Nbd2 Ne7 10. Nf1 c5 11. c3 O-O 12. Ng3 Nc6 13. Bg5 Qc7 14. Rc1 Qb8 15. Bb1 b5 16. axb5 axb5 17. Qd2 cxd4 18. cxd4 Qa7 19. Bh6 Nxd4 20. Nxd4 Bxh6 21. Qxh6 Qxd4 22. Rc7 Nc5 23. Nh5 gxh5 24. Rxb7 Qg7 25. Qxg7+ Kxg7 26. Rxb5 Rfb8 27. Rxb8 Rxb8 28. Re2 Na4 29. Re3 Rxb2 30. Bd3 Nc5 31. Be2 Rb3 32. Rxb3 Nxb3 33. Bxh5 Nd2 34. f3 f6 35. Kf2 e5 36. Ke3 Nb3 37. Be8 Kf8 38. Bc6 Ke7 39. Bd5 Nd4 40. f4 f5 41. g4 fxg4 42. hxg4 h6 43. fxe5 dxe5 44. Bb7 Kf6 45. Bc8 Kg5 46. Bf5 Nc2+ 47. Kf3 Nb4 48. Ke3 Nc6 49. Kd3 Ne7 50. Kc4 Ng8 51. Kd5 Nf6+ 52. Kxe5 Nxg4+ 53. Bxg4 Kxg4 54. Kd6 h5 55. e5 h4 56. e6 h3 57. e7 h2 58. e8=Q h1=Q 59. Qe6+ Kg3 60. Qe5+ Kg2 61. Qe4+ Kg1 62. Qe1+ Kg2 63. Qxh1+ Kxh1 1/2-1/2


[Site "https://www.chess.com"]

[Event "Titled Tuesday Blitz August 09 Early 2022"]
[White "Bosnjak, Petar"]
[Black "Sokolovsky, Yahli"]
[WhiteFideId "14532581"]
[BlackFideId "2820242"]
[WhiteElo "2135"]
[BlackElo "1867"]
[Result "1-0"]
[Round "05"]
[TimeControl "180+1"]
[Date "2022.08.09"]
[WhiteClock "0:01:10"]
[BlackClock "0:00:02"]

1. d4 d5 2. c4 c6 3. cxd5 cxd5 4. Nc3 e6 5. Bf4 Bd6 6. Bxd6 Qxd6 7. e3 Nf6 8. Bd3 O-O 9. f4 Qb4 10. Qe2 Ne4 11. a3 Nxc3 12. Bxh7+ Kh8 13. Qh5 Ne4+ 14. axb4 Nf6 15. Qh4 Nxh7 16. Qe7 Nc6 17. Qc7 Nxb4 18. Kf2 Nd3+ 19. Ke2 Nxb2 20. Nf3 Nc4 21. Ne5 Kg8 22. h4 Nf6 23. h5 Ne4 24. Nxc4 dxc4 25. h6 Ng3+ 26. Kf3 Nxh1 27. Rxh1 gxh6 28. Rxh6 Kg7 29. Rh4 Kf6 30. g4 b6 31. g5+ Kg6 32. Qe7 Bb7+ 33. e4 Bxe4+ 34. Kxe4 f5+ 35. Ke5 Rf7 36. Rh6+ Kg7 37. Rh7+ Kxh7 38. Qxf7+ Kh8 39. g6 Rg8 40. Qh7# 1-0


[Site "https://www.chess.com"]

[Event "Titled Tuesday Blitz August 09 Early 2022"]
[White "Boyer, Mahel"]
[Black "Ponce Cano, Adrian"]
[WhiteFideId "45102422"]
[BlackFideId "22296913"]
[WhiteElo "2454"]
[BlackElo "2261"]
[Result "1-0"]
[Round "05"]
[TimeControl "180+1"]
[Date "2022.08.09"]
[WhiteClock "0:01:47"]
[BlackClock "0:01:04"]

1. d4 d5 2. c4 e6 3. Nc3 Nf6 4. cxd5 exd5 5. Bf4 c6 6. e3 Bd6 7. Bd3 Bxf4 8. exf4 Qd6 9. Nge2 O-O 10. O-O Re8 11. Qd2 b6 12. Rfe1 Ba6 13. Bxa6 Nxa6 14. Ng3 Nc7 15. Nf5 Qd7 16. Qd3 g6 17. Ng3 Rxe1+ 18. Rxe1 Re8 19. Re5 Ng4 20. Re2 Nf6 21. f5 Kg7 22. h4 c5 23. fxg6 hxg6 24. Re5 Ng4 25. Re2 Nf6 26. h5 Rxe2 27. Ncxe2 Qg4 28. hxg6 fxg6 29. Qe3 Qe6 30. Qf4 Nb5 31. dxc5 bxc5 32. Qb8 Qb6 33. Qe5 Qd6 34. Qg5 Qe6 35. Nf4 Qe1+ 36. Kh2 Qb1 37. Qe5 1-0


[Site "https://www.chess.com"]

[Event "Titled Tuesday Blitz August 09 Early 2022"]
[White "Bressac, Stephane"]
[Black "Delorme, Axel"]
[WhiteFideId "655945"]
[BlackFideId "632023"]
[WhiteElo "2339"]
[BlackElo "2474"]
[Result "1-0"]
[Round "05"]
[TimeControl "180+1"]
[Date "2022.08.09"]
[WhiteClock "0:00:02"]
[BlackClock "0:00:05"]

1. e4 c6 2. d4 d5 3. Nd2 Nf6 4. e5 Nfd7 5. f4 e6 6. Ngf3 c5 7. c3 Nc6 8. Nb3 a6 9. Be3 c4 10. Nbd2 b5 11. Be2 Nb6 12. O-O Be7 13. g4 g6 14. Rf2 Bd7 15. Nf1 Qc7 16. Ng3 a5 17. f5 b4 18. fxe6 Bxe6 19. Ng5 Qd7 20. Qd2 a4 21. Raf1 Bxg5 22. Bxg5 a3 23. cxb4 axb2 24. Qxb2 Ra4 25. a3 Qa7 26. Bc1 Nd7 27. Bd1 Ra6 28. b5 Rb6 29. a4 Na5 30. Qb4 Nb3 31. Ba3 Nb8 32. Bxb3 cxb3 33. Qxb3 Nd7 34. Rc1 Rb8 35. Rfc2 Nxe5 36. Rc7 Qxd4+ 37. Kh1 Bxg4 38. Re7+ Kd8 39. Rxe5 Qxe5 40. Qd3 Re8 41. Bc5 h5 42. Kg1 h4 43. Nf1 Bf5 44. Qd2 Be4 45. Bd4 Qf5 46. Qc3 Qg4+ 47. Ng3 hxg3 48. Qc7# 1-0


[Site "https://www.chess.com"]

[Event "Titled Tuesday Blitz August 09 Early 2022"]
[White "Bristy, Mukherjee"]
[Black "Vagman, Roy"]
[WhiteFideId "25077325"]
[BlackFideId "2828995"]
[WhiteElo "1661"]
[BlackElo "1956"]
[Result "0-1"]
[Round "05"]
[TimeControl "180+1"]
[Date "2022.08.09"]
[WhiteClock "0:00:02"]
[BlackClock "0:00:45"]

1. d4 Nf6 2. Bg5 d5 3. e3 e6 4. Nd2 Be7 5. Bd3 c5 6. c3 Nc6 7. f4 h6 8. Bh4 cxd4 9. exd4 Nd7 10. Bg3 g5 11. Ngf3 g4 12. Ne5 Ndxe5 13. fxe5 h5 14. Qe2 Bg5 15. O-O-O Bd7 16. Rhf1 Qc7 17. Bf4 Nxd4 18. Qe3 Be7 19. Kb1 Nc6 20. Rde1 O-O-O 21. Bh6 Qxe5 22. Rxf7 Rxh6 23. Qxe5 Nxe5 24. Rxe5 Bd6 25. Re2 Bxh2 26. Nb3 e5 27. Nc5 e4 28. Nxd7 Rxd7 29. Rxd7 Kxd7 30. Bc2 Rf6 31. b3 Rf1+ 32. Kb2 Bf4 33. c4 e3 34. cxd5 h4 35. Bf5+ Kd6 36. Bxg4 Kxd5 37. Kc3 Ke4 38. Bf3+ Rxf3 39. gxf3+ Kxf3 40. Kd3 h3 41. Re1 h2 42. a4 e2 43. Rh1 Bg3 44. Kd2 e1=Q+ 0-1


[Site "https://www.chess.com"]

[Event "Titled Tuesday Blitz August 09 Early 2022"]
[White "Bryakin, Mikhail"]
[Black "Dubov, Daniil"]
[WhiteFideId "4165314"]
[BlackFideId "24126055"]
[WhiteElo "2353"]
[BlackElo "2791"]
[Result "0-1"]
[Round "05"]
[TimeControl "180+1"]
[Date "2022.08.09"]
[WhiteClock "0:00:02"]
[BlackClock "0:00:05"]

1. Nf3 d5 2. b3 Bg4 3. Bb2 Nc6 4. h3 Bxf3 5. exf3 a6 6. d3 e5 7. Nd2 Nf6 8. g3 Bc5 9. Bg2 O-O 10. O-O Qd7 11. Kh2 a5 12. a3 Bd4 13. Qc1 Bxb2 14. Qxb2 Qd6 15. Rfe1 Rfe8 16. Rad1 h6 17. Nf1 b5 18. Ne3 b4 19. a4 Qc5 20. Rd2 Nd4 21. Ng4 Nd7 22. Ne3 Ra6 23. Nf1 Rae6 24. h4 Nf6 25. Ne3 Kf8 26. Rdd1 Rc6 27. Rd2 Qc3 28. Qxc3 Rxc3 29. Rb1 h5 30. Rb2 g6 31. Kh1 Re6 32. Kh2 Rec6 33. f4 exf4 34. Nxd5 f3 35. Nxf6 Rxf6 36. Bh3 Rfc6 37. g4 hxg4 38. Bxg4 f5 39. Bh3 Re6 40. Kg3 Re2 41. Rd1 Kf7 42. Bf1 Re6 43. Kf4 Kf6 44. Rd2 Re1 45. Bh3 Rh1 46. Kg3 Rg1+ 47. Kh2 Re1 48. Kg3 Ke5 49. Kh2 Re2 50. Rxe2+ fxe2 51. Rb1 Nf3+ 52. Kg3 e1=Q 0-1


[Site "https://www.chess.com"]

[Event "Titled Tuesday Blitz August 09 Early 2022"]
[White "Can, Melih Kaan"]
[Black "Volkov, Maksim"]
[WhiteFideId "6317383"]
[BlackFideId "54123070"]
[WhiteElo "2049"]
[BlackElo "2155"]
[Result "0-1"]
[Round "05"]
[TimeControl "180+1"]
[Date "2022.08.09"]
[WhiteClock "0:00:01"]
[BlackClock "0:00:47"]

1. d4 d5 2. c4 e6 3. Nc3 c6 4. cxd5 exd5 5. Nf3 Bf5 6. Bf4 Nf6 7. e3 Nbd7 8. Be2 Be7 9. h3 O-O 10. O-O Re8 11. a3 Nb6 12. Rc1 Nc8 13. Ne5 Bd6 14. b4 a6 15. Na4 Nd7 16. Nxd7 Qxd7 17. Nc5 Qe7 18. Bxd6 Nxd6 19. Qb3 g6 20. a4 Qg5 21. Kh1 Qh4 22. Qd1 Re7 23. Nd3 f6 24. Nf4 Rae8 25. Bg4 Bxg4 26. Qxg4 Qxg4 27. hxg4 Re4 28. Rc3 Kf7 29. Kg1 g5 30. Nd3 Rxg4 31. f3 Rh4 32. Nc5 Rh6 33. Kf2 Re7 34. Rb1 Rg6 35. g4 Rg8 36. Rh1 Kg7 37. Rh3 Rh8 38. Rc1 Nc4 39. Rc3 Rhe8 40. Rh1 Rxe3 41. Rxe3 Rxe3 42. Nxb7 Rb3 43. Nc5 Rxb4 44. Re1 Kg6 45. Re7 Na5 46. Nd7 f5 0-1


[Site "https://www.chess.com"]

[Event "Titled Tuesday Blitz August 09 Early 2022"]
[White "Carlsson, Ludvig"]
[Black "Goltsev, Dmitry"]
[WhiteFideId "1727010"]
[BlackFideId "24176710"]
[WhiteElo "2195"]
[BlackElo "2258"]
[Result "1-0"]
[Round "05"]
[TimeControl "180+1"]
[Date "2022.08.09"]
[WhiteClock "0:02:02"]
[BlackClock "0:02:02"]

1. Nf3 d5 2. g3 c6 3. Bg2 Nf6 4. O-O g6 5. b3 Bg7 6. Bb2 O-O 7. c4 Ne8 8. Bxg7 Nxg7 9. d4 Nd7 10. Nc3 e6 11. Qd3 a6 12. e4 Nf6 13. Rad1 dxe4 14. Nxe4 Nxe4 15. Qxe4 Nf5 16. Rfe1 Bd7 17. Ne5 Qe7 18. c5 Rad8 19. Nc4 Bc8 20. h4 Qf6 21. Qe5 Qxe5 22. dxe5 Nd4 23. Nd6 Nb5 24. Nxb5 axb5 25. Rd6 Rxd6 26. exd6 Bd7 27. a4 bxa4 28. bxa4 Ra8 29. Rb1 Bc8 30. Rb4 Kf8 31. f4 Ra5 32. Bxc6 Rxc5 33. d7 Bxd7 34. Bxd7 Rc7 35. Bb5 Ke7 36. Be2 Kd7 37. Bf3 Kc8 38. Kf2 Kb8 39. a5 Ka7 40. g4 Ka6 41. Kg3 Kxa5 42. Rxb7 Rxb7 43. Bxb7 Kb6 44. Bf3 Kc5 45. Bd1 f6 46. Bb3 e5 47. fxe5 fxe5 48. g5 Kd6 49. Bg8 Ke7 50. Bxh7 Kf7 51. Kf3 Kg7 52. Bxg6 Kxg6 53. Ke4 Kg7 54. Kxe5 Kh7 55. Kf6 Kg8 56. g6 Kh8 57. g7+ Kg8 58. h5 Kh7 59. Kf7 Kh6 60. g8=Q Kxh5 61. Qg3 Kh6 62. Qh4# 1-0


[Site "https://www.chess.com"]

[Event "Titled Tuesday Blitz August 09 Early 2022"]
[White "Chigaev, Maksim"]
[Black "Abdrlauf, Elham"]
[WhiteFideId "4108116"]
[BlackFideId "1533533"]
[WhiteElo "2487"]
[BlackElo "2430"]
[Result "0-1"]
[Round "05"]
[TimeControl "180+1"]
[Date "2022.08.09"]
[WhiteClock "0:00:03"]
[BlackClock "0:00:05"]

1. e4 c6 2. d4 d5 3. e5 c5 4. dxc5 e6 5. a3 Bxc5 6. Qg4 Ne7 7. Bd3 Qb6 8. Nf3 Bxf2+ 9. Ke2 a5 10. Nc3 Bd7 11. Rf1 Bc5 12. Ng5 Nbc6 13. Nxf7 Nd4+ 14. Kd1 Rf8 15. Nd6+ Bxd6 16. Rxf8+ Kxf8 17. exd6 Nef5 18. Qh3 Qxd6 19. g4 Ne7 20. Qxh7 Nf3 21. Qh3 Ne5 22. Bf4 N7c6 23. Qh8+ Kf7 24. Qxa8 Qc5 25. Ne2 Qf2 26. Bg3 Qf1+ 27. Kd2 Qxa1 28. Bxe5 Nxe5 29. Qxb7 Qf1 30. Qc7 Qf6 31. g5 Qxg5+ 32. Kd1 Qe3 33. Bb5 Kg6 34. Bxd7 Nf3 35. Be8+ Kh7 36. Qf4 Qf2 37. c3 Qe1+ 38. Kc2 Qxe2+ 39. Kb1 Nd2+ 40. Ka1 Nc4 41. Qh4+ Kg8 0-1


[Site "https://www.chess.com"]

[Event "Titled Tuesday Blitz August 09 Early 2022"]
[White "Chyzy, Jakub"]
[Black "Gubanov, Oleg"]
[WhiteFideId "21806209"]
[BlackFideId "14115115"]
[WhiteElo "2023"]
[BlackElo "2080"]
[Result "1-0"]
[Round "05"]
[TimeControl "180+1"]
[Date "2022.08.09"]
[WhiteClock "0:00:19"]
[BlackClock "0:00:12"]

1. b3 Nf6 2. Bb2 g6 3. e4 Bg7 4. e5 Nd5 5. c4 Nb6 6. d4 d6 7. exd6 cxd6 8. Nf3 O-O 9. Be2 Nc6 10. O-O e5 11. d5 Ne7 12. b4 Bg4 13. Nfd2 Bxe2 14. Qxe2 Rc8 15. Nc3 a6 16. Rac1 Re8 17. a4 Qd7 18. a5 Na4 19. Nxa4 Qxa4 20. Bc3 f5 21. Ra1 Qd7 22. Bb2 e4 23. Bxg7 Kxg7 24. f3 exf3 25. Nxf3 Nxd5 26. Qb2+ Nf6 27. Rac1 Qf7 28. c5 dxc5 29. bxc5 Kg8 30. Ng5 Qe7 31. Rfe1 Ne4 32. Qb3+ Kg7 33. Qb2+ Kg8 34. Qb3+ Kg7 35. h4 Nxg5 36. Rxe7+ Rxe7 37. hxg5 Rec7 38. Qc3+ Kg8 39. Qc4+ Kg7 40. Qd4+ Kg8 41. Qd5+ Kg7 42. Qe5+ Kg8 43. Qe6+ Kg7 44. Qf6+ Kg8 45. Rd1 Rxc5 46. Rd8+ Rxd8 47. Qxd8+ 1-0


[Site "https://www.chess.com"]

[Event "Titled Tuesday Blitz August 09 Early 2022"]
[White "De Souza, Cristiano Gomes"]
[Black "Butti, Enrique"]
[WhiteFideId "2151758"]
[BlackFideId "3700470"]
[WhiteElo "2068"]
[BlackElo "2080"]
[Result "0-1"]
[Round "05"]
[TimeControl "180+1"]
[Date "2022.08.09"]
[WhiteClock "0:00:11"]
[BlackClock "0:00:14"]

1. d4 c5 2. d5 e5 3. c4 d6 4. Nc3 Be7 5. e4 Bg5 6. Nf3 Bxc1 7. Rxc1 Ne7 8. Be2 O-O 9. O-O Ng6 10. Ne1 Nf4 11. Bf3 Qg5 12. Nd3 Nd7 13. Nxf4 exf4 14. Bg4 Ne5 15. Bxc8 Rfxc8 16. Nb5 Qg6 17. f3 a6 18. Na3 Qf6 19. b3 b5 20. Qd2 b4 21. Nc2 a5 22. Ne1 a4 23. Nd3 axb3 24. axb3 Ra3 25. Rb1 g5 26. Nxe5 Qxe5 27. Rb2 Rca8 28. h3 Qc3 29. Rfb1 Ra1 30. Rxa1 Rxa1+ 31. Kh2 Ra3 32. Qf2 Rxb3 33. Rxb3 Qxb3 34. e5 Qxc4 35. exd6 Qxd5 36. d7 Qxd7 37. Qxc5 f6 38. Qxb4 Qf5 39. Qc4+ Kg7 40. Qc7+ Kh6 41. Qd8 Qg6 42. Qe7 f5 43. Qe5 Kh5 44. g3 fxg3+ 45. Kxg3 f4+ 46. Kg2 Qc2+ 47. Kg1 Qd1+ 48. Kg2 Qc2+ 49. Kg1 Qd2 50. Qe8+ Kh4 51. Qe6 Qe3+ 52. Qxe3 fxe3 53. Kf1 Kg3 54. Ke2 Kxh3 55. Kxe3 Kg3 56. Ke4 h5 57. Ke3 h4 0-1


[Site "https://www.chess.com"]

[Event "Titled Tuesday Blitz August 09 Early 2022"]
[White "Dev, Shah"]
[Black "Vasquez Schroeder, Rodrigo"]
[WhiteFideId "35019058"]
[BlackFideId "3400042"]
[WhiteElo "2048"]
[BlackElo "2567"]
[Result "0-1"]
[Round "05"]
[TimeControl "180+1"]
[Date "2022.08.09"]
[WhiteClock "0:00:26"]
[BlackClock "0:01:22"]

1. d4 d5 2. c4 c6 3. Nf3 Nf6 4. g3 dxc4 5. Bg2 g6 6. O-O Bg7 7. a4 Ne4 8. Qc2 Nd6 9. e4 O-O 10. Na3 Na6 11. Nxc4 Nb4 12. Qc3 a5 13. Nxd6 exd6 14. Bf4 Re8 15. Rfe1 Bg4 16. h3 Bxf3 17. Bxf3 Qb6 18. Rad1 Rad8 19. Qd2 c5 20. Be3 cxd4 21. Bxd4 Bxd4 22. Qxd4 Qxd4 23. Rxd4 Nc2 24. Red1 Nxd4 25. Rxd4 Kf8 26. b4 Re5 27. bxa5 Rxa5 28. Rb4 Rd7 29. Be2 d5 30. Bb5 Rd8 31. Rd4 Ke7 32. exd5 Kd6 33. Rh4 h5 34. Rf4 f5 35. g4 Ke5 36. Rb4 hxg4 37. hxg4 Rxd5 38. gxf5 gxf5 39. Be8 Ra7 40. Bh5 Rd4 41. Rb5+ Kf6 42. a5 Ra4 43. Bf3 R4xa5 44. Rxa5 Rxa5 45. Bxb7 Ke5 46. Kg2 Kf4 47. Bf3 Ra7 48. Bd5 Rd7 49. Bc6 Rd6 50. Bb7 Rg6+ 51. Kf1 Rb6 52. Ba8 Ke5 53. Kg2 Ra6 54. Bb7 Ra7 55. Bc6 Rg7+ 56. Kf3 Rh7 57. Ba8 Ra7 58. Bc6 Ra6 59. Bb7 Rb6 60. Ba8 Rb8 61. Bc6 Kd6 62. Ba4 Rb4 63. Be8 Rc4 64. Kg2 Ke5 65. Bh5 Rc3 66. Bf3 Rc7 67. Ba8 Kf4 68. Bf3 Rg7+ 0-1


[Site "https://www.chess.com"]

[Event "Titled Tuesday Blitz August 09 Early 2022"]
[White "Donchenko, Alexander"]
[Black "Pinheiro, Iung Alicio de O."]
[WhiteFideId "24603295"]
[BlackFideId "2104350"]
[WhiteElo "2572"]
[BlackElo "2283"]
[Result "1-0"]
[Round "05"]
[TimeControl "180+1"]
[Date "2022.08.09"]
[WhiteClock "0:02:05"]
[BlackClock "0:00:12"]

1. Nf3 c6 2. g3 d5 3. Bg2 Nf6 4. O-O g6 5. b3 Bg7 6. Bb2 O-O 7. c4 e6 8. d4 Nbd7 9. Nc3 Re8 10. Qc2 a5 11. Rfd1 Qe7 12. a4 b6 13. Ba3 Qd8 14. e4 dxe4 15. Nxe4 Nxe4 16. Qxe4 Bb7 17. Ne5 Rc8 18. Rac1 Qc7 19. Re1 Nxe5 20. dxe5 Bf8 21. Bxf8 Rxf8 22. c5 Ba8 23. Qe3 bxc5 24. Rxc5 Rfd8 25. Rec1 Bb7 26. h4 Qb6 27. h5 Qb4 28. Bxc6 Bxc6 29. Rxc6 Rxc6 30. Rxc6 Qd2 31. Qxd2 Rxd2 32. h6 Kf8 33. Rc8+ Ke7 34. Rh8 Rd3 35. Rxh7 Rxb3 36. Rh8 1-0


[Site "https://www.chess.com"]

[Event "Titled Tuesday Blitz August 09 Early 2022"]
[White "Drygalov, Sergey"]
[Black "Salem, A.R. Saleh"]
[WhiteFideId "24171743"]
[BlackFideId "9301348"]
[WhiteElo "2523"]
[BlackElo "2674"]
[Result "0-1"]
[Round "05"]
[TimeControl "180+1"]
[Date "2022.08.09"]
[WhiteClock "0:00:21"]
[BlackClock "0:00:15"]

1. d4 d5 2. c4 e6 3. Nf3 Nf6 4. Nc3 Nbd7 5. Bf4 dxc4 6. e3 b5 7. Nxb5 Bb4+ 8. Nc3 Nd5 9. a3 Nxc3 10. Qd2 Ba5 11. bxc3 Ba6 12. Be2 O-O 13. O-O Nf6 14. Ne5 c5 15. Bxc4 Bxc4 16. Nxc4 Nd5 17. Rac1 Nxf4 18. exf4 Rc8 19. Rfd1 cxd4 20. Qxd4 Qc7 21. Nxa5 Qxa5 22. Qb4 Qf5 23. Rd7 a5 24. Qd4 h6 25. h3 Rc5 26. g4 e5 27. Qxc5 Qxd7 28. Qxe5 Re8 29. Qd4 Qc6 30. f5 Qf3 31. c4 Qxh3 32. Qf4 Qxa3 33. c5 Re4 34. Qxe4 Qxc1+ 35. Kg2 Qxc5 36. Qe8+ Kh7 37. Qxf7 Qc6+ 38. Kg3 a4 39. f4 Qc3+ 40. Kg2 Qb2+ 41. Kg3 Qb3+ 0-1


[Site "https://www.chess.com"]

[Event "Titled Tuesday Blitz August 09 Early 2022"]
[White "Espinosa Veloz, Ermes"]
[Black "Melikhov, Evgeny V."]
[WhiteFideId "3507424"]
[BlackFideId "4122046"]
[WhiteElo "2333"]
[BlackElo "1963"]
[Result "1-0"]
[Round "05"]
[TimeControl "180+1"]
[Date "2022.08.09"]
[WhiteClock "0:00:20"]
[BlackClock "0:00:01"]

1. d4 Nf6 2. c4 e6 3. g3 d5 4. Nf3 dxc4 5. Bg2 Nc6 6. Qa4 Bb4+ 7. Bd2 Bd6 8. Qxc4 O-O 9. Nc3 e5 10. Bg5 h6 11. Bxf6 Qxf6 12. Ne4 Qe7 13. Nxd6 cxd6 14. dxe5 dxe5 15. O-O Be6 16. Qb5 Bg4 17. e3 Rfd8 18. h3 Bxf3 19. Bxf3 e4 20. Bg2 Rd2 21. Rad1 Rad8 22. Rxd2 Rxd2 23. Qf5 g6 24. Qxe4 Qxe4 25. Bxe4 Rxb2 26. Rd1 Rxa2 27. Rd7 Rb2 28. Bd5 Ne5 29. Re7 Nd3 30. Rxf7 Kh8 31. Be4 Nc5 32. Bxg6 a5 33. f4 a4 34. f5 Ne4 35. f6 Nxf6 36. Rxf6 a3 37. Bf7 Kg7 38. Rf4 a2 39. Bxa2 Rxa2 40. Rb4 Re2 41. Rxb7+ Kf6 42. Rb3 h5 43. Kf1 Rh2 44. h4 Kf5 45. Rb4 Ra2 46. Rf4+ Kg6 47. Rf2 Ra3 48. Ke2 Ra4 49. Kf3 Kf5 50. Rb2 Ra1 51. Rb5+ Kg6 52. Rg5+ Kh6 53. Ke4 Ra4+ 54. Kf3 Ra3 55. Kf4 Ra4+ 56. e4 Rb4 57. Kf5 Rb8 58. e5 Rf8+ 59. Ke4 Re8 60. Rf5 Kg6 61. Rf6+ Kg7 62. Kf5 Ra8 63. Kg5 Ra5 64. Rf5 1-0


[Site "https://www.chess.com"]

[Event "Titled Tuesday Blitz August 09 Early 2022"]
[White "Estrada Nieto, Julian"]
[Black "Legenia, Artem"]
[WhiteFideId "5101018"]
[BlackFideId "14136945"]
[WhiteElo "2252"]
[BlackElo "1936"]
[Result "1-0"]
[Round "05"]
[TimeControl "180+1"]
[Date "2022.08.09"]
[WhiteClock "0:01:21"]
[BlackClock "0:00:55"]

1. e4 e5 2. Nf3 d6 3. d4 Nd7 4. Nc3 c6 5. a4 Be7 6. Bc4 Ngf6 7. O-O O-O 8. Re1 h6 9. b3 a5 10. Bb2 b6 11. Bd3 Qc7 12. Ne2 Re8 13. Ng3 Bb7 14. c4 Bf8 15. Qd2 Rad8 16. d5 Nc5 17. Bc2 cxd5 18. cxd5 g6 19. Rac1 Ba6 20. h3 Bg7 21. Nh2 Rb8 22. f4 exf4 23. Qxf4 Nfd7 24. Bxg7 Kxg7 25. Ng4 h5 26. Qh6+ Kg8 27. Nxh5 gxh5 28. e5 Nf8 29. Nf6# 1-0


[Site "https://www.chess.com"]

[Event "Titled Tuesday Blitz August 09 Early 2022"]
[White "Eynullayev, Atilla"]
[Black "D`Arruda, Ricardo D."]
[WhiteFideId "13413570"]
[BlackFideId "100692"]
[WhiteElo "1936"]
[BlackElo "2470"]
[Result "0-1"]
[Round "05"]
[TimeControl "180+1"]
[Date "2022.08.09"]
[WhiteClock "0:00:03"]
[BlackClock "0:00:36"]

1. d4 Nf6 2. c4 e5 3. dxe5 Ne4 4. Nf3 Nc6 5. e3 d6 6. exd6 Bxd6 7. Be2 Bf5 8. O-O Qf6 9. Qb3 Nc5 10. Qc3 Qe7 11. a3 O-O-O 12. b4 Ne4 13. Qb3 Ne5 14. c5 Nxf3+ 15. Bxf3 Be5 16. Ra2 Be6 17. Qc2 Bxa2 18. Qxe4 Bxb1 19. Qxb7+ Kd7 20. Qc6+ Kc8 21. Bd2 Ba2 22. Rd1 Qe6 23. Qb7+ Kd7 24. b5 Ke7 25. c6 Bb3 26. Bb4+ Kf6 27. Rxd8 Rxd8 28. Qxa7 Bd1 29. Be4 Qc4 30. f3 Bc2 31. Bxc2 Qxc2 0-1


[Site "https://www.chess.com"]